 Dungeon Crawl Stone Soup version bcrawl-1.40.3b (webtiles) character file.

Game seed: 15588647084505447081

111795 Finalfun the Sneak (level 5, -5/42 HPs)
             Began as a Human Archaeologist on Mar 14, 2024.
             Was a Follower of the Shining One.
             Killed by divine providence
             ... invoked by an orc priest
              (11 damage)
             ... on level 3 of the Dungeon.
             The game lasted 00:08:08 (2993 turns).

Finalfun the Sneak (Human Archaeologist)            Turns: 2993, Time: 00:08:09

Health: -5/42      AC:  6    Str: 12    XL:     5   Next: 29%
Magic:  5/5        EV: 13    Int: 16    God:    the Shining One [*.....]
Gold:   205        SH:  0    Dex: 12    Spells: 4/4 levels left

rFire    + + .     GDR:     24% u - +1 short sword (speed)
rCold    x . .     SeeInvis .   (no shield)
rNeg     + + .     Gourm    .   c - +1 robe
rPois    .         Faith    +   d - +1 hat
rElec    .         Spirit   .   (no cloak)
rCorr    .         Reflect  .   (no gloves)
MR       .....                  p - +1 pair of boots
Stlth    +.........             h - amulet of the Lost Deaths {Faith rF++ rC- rN++ Int+2}
HPRegen  0.17/turn              (no ring)
MPRegen  0.09/turn              (no ring)

@: glowing
A: no striking features
a: Divine Shield, Renounce Religion


You were on level 3 of the Dungeon.
You worshipped the Shining One.
The Shining One was aware of your devotion.
You were not hungry.

You visited 1 branch of the dungeon, and saw 3 of its levels.

You collected 205 gold pieces.

Inventory:

Hand Weapons
 b - a +0 blowgun
 n - a +0 dagger of draining
 u - a +1 short sword of speed (weapon)
 z - a +0 falchion of slicing
Missiles
 a - 657 arrows
 f - 6 curare-tipped needles
 k - 831 stones
 q - 90 poisoned tomahawks (quivered)
 s - 124 bolts
 w - 17 poisoned needles
Armour
 c - a +1 robe (worn)
 d - a +1 hat (worn)
 p - a +1 pair of boots (worn)
Jewellery
 h - the amulet of the Lost Deaths (around neck) {Faith rF++ rC- rN++ Int+2}
   (You acquired it on level 3 of the Dungeon)

   [amulet of faith]

   It allows you to gain divine favour quickly.
   It affects your intelligence (+2).
   It greatly protects you from fire.
   It makes you vulnerable to cold.
   It greatly protects you from negative energy.
 x - an uncursed amulet of the acrobat {unknown}
Scrolls
 g - a scroll of revelation
 i - a scroll of identify
 o - 4 scrolls of remove curse {unknown}
 t - a scroll of teleportation {unknown}
 v - a scroll of fear {unknown}
Potions
 j - 3 potions of curing
 l - a potion of ambrosia {unknown}
 m - a potion of invisibility
 r - 2 potions of haste {unknown}
Comestibles
 e - 4 rations {!d}
 A - 4 chunks of flesh


   Skills:
 - Level 4.0 Fighting
   Level 1.1 Maces & Flails
 - Level 4.0 Dodging
 - Level 4.0 Stealth
 + Level 0.5 Invocations


You had 4 spell levels left.
You didn't know any spells.
Your spell library was empty.

Dungeon Overview and Level Annotations

Branches:
Dungeon (3/12)

Altars:
Ashenzari
Dithmenos
Nemelex Xobeh
Uskayaw
The Shining One


Message History

You hit the orc.
The orc is almost dead.
The orc drinks a potion.
The orc seems to grow stronger.
The orc curses loudly.
The orc hits you but does no damage.
You hit the orc.
You kill the orc!
You hit the orc.
The orc is lightly wounded.
The orc priest calls down the wrath of Beogh upon you.
Beogh smites you! The orc hits you but does no damage.
You are too injured to fight recklessly!
You are too injured to fight recklessly!
You see here a +0 falchion.
The orc priest calls down the wrath of Beogh upon you.
Beogh smites you!
* * * LOW HITPOINT WARNING * * *
The orc priest invokes the aid of Beogh against you.
Beogh smites you!
You die...

# #..............≈≈≈. #........
..###...Z.o........≈≈≈≈ #........
.........Z.........≈≈≈≈ #........
.#...oZ.......#..≈≈≈≈ #..........
#.##o#########..≈≈≈≈ #..........
#....# ######..≈.≈. #...........
####o# #.....≈..... #.⌠.⌠..#.
#.#####.# #......#####
#.._.....##.....@.# #......#####
†.⌠.⌠.............# #......##...
........###.......# #......##...
#.......# #.....#.# #......#....
#.......###.###.#.# #......#....
#........##.###.######...........
#......#.##.................#....
.#######........)...........#.###
#...........................#.#


You could see an orc priest, 2 orcs, a hound zombie and an adder skeleton.

Vanquished Creatures
  3 gnolls (D:2)
  3 adders (D:3)
  An ooze (D:3)
  3 worms
  A leopard gecko (D:3)
  3 orcs (D:3)
  2 giant cockroaches
  7 goblins
  8 hobgoblins
  2 jackals (D:3)
  A quokka (D:3)
  2 bats (D:1)
  2 frilled lizards (D:1)
  8 kobolds
  5 rats
51 creatures vanquished.

Notes
Turn   | Place    | Note
-------+----------+-------------------------------------------
     0 | D:1      | Finalfun the Human Archaeologist began the quest for the
                  | Orb.
     0 | D:1      | Reached XP level 1. HP: 15/15 MP: 1/1
    83 | D:1      | Reached XP level 2. HP: 21/21 MP: 2/2
  1306 | D:2      | Found a shadowy altar of Dithmenos.
  1387 | D:2      | Reached XP level 3. HP: 26/26 MP: 3/3
  1584 | D:2      | Found a hide-covered altar of Uskayaw.
  1595 | D:2      | Found a glowing golden altar of the Shining One.
  1602 | D:2      | Became a worshipper of the Shining One
  1736 | D:2      | Found a shattered altar of Ashenzari.
  1942 | D:2      | Reached XP level 4. HP: 15/34 MP: 4/4
  2557 | D:3      | Found a sparkling altar of Nemelex Xobeh.
  2593 | D:3      | Reached XP level 5. HP: 32/41 MP: 5/5
  2593 | D:3      | Identified a scroll of acquirement
  2597 | D:3      | Identified the amulet of the Lost Deaths {Faith rF++ rC-
                  | rN++ Int+2} (You acquired it on level 3 of the Dungeon)
  2905 | D:3      | Found a faded altar of an unknown god.
  2968 | D:3      | Reached * piety under the Shining One
  2993 | D:3      | Killed from afar by an orc priest

Skill      XL: |  1  2  3  4  5 |
---------------+----------------+-----
Stealth        | 4 |  4.0
Dodging        | 4 |  4.0
Fighting       | 2 3 4 |  4.0
Maces & Flails | |  1.1
Invocations    | |  0.5

Action                   |  1- 3 |  4- 6 || total
-------------------------+-------+-------++-------
Melee: Whip              |    84 |       ||    84
       Dagger            |    34 |    57 ||    91
       Short sword       |       |    77 ||    77
Throw: Tomahawk          |    13 |     9 ||    22
  Use: Scroll            |     2 |     1 ||     3
       Potion            |       |     1 ||     1
 Stab: Sleeping          |     6 |       ||     6
  Eat: Chunk             |     6 |     7 ||    13
Armor: Robe              |    18 |    36 ||    54
Dodge: Dodged            |    62 |    72 ||   134
